 Dungeon Crawl Stone Soup version 0.31.0-4-g52a2dc7128 (console) character file.

Game seed: 15811070184635649034

14 AlterAsc the Scratcher (level 2, 14/14 HPs)
             Began as a Felid Shapeshifter on Jan 24, 2024.
             Quit the game on level 1 of the Dungeon.
             The game lasted 00:01:16 (274 turns).

AlterAsc the Scratcher (Felid Shapeshifter)          Turns: 274, Time: 00:01:17

Health: 14/14      AC:  1    Str: 10    XL:     2   Next: 31%
Magic:  3/3        EV: 17    Int: 13    God:
Gold:   68         SH:  0    Dex: 15    Spells: 1/1 levels left
                                        Lives:  0   Deaths: 1

rFire   . .          .
                       - Unarmed
rCold   . . .        (shield unavailable)
rNeg    . . .        (body armour unavailable)
rPois   .            (helmet unavailable)
rElec   .            (cloak unavailable)
rCorr   .            (gloves unavailable)
SInv    +            (boots unavailable)
Will    .....        (no amulet)
Stlth   +            (no ring)
HPRegen 0.22/turn    (no ring)
MPRegen 0.08/turn

%: no passive effects
@: beast-form
A: beast (slay +1), very small, claws 1, fangs 3, see invisible, shaggy fur 1,
stealthy paws, no weapons or thrown items, no armour, multi-lived
a: Begin Untransformation


You were on level 1 of the Dungeon.
You were a hulking beast.
You visited 1 branch of the dungeon, and saw 1 of its levels.

You collected 68 gold pieces.

Inventory:

Jewellery
 g - an amulet of faith
Talismans
 b - a beast talisman
 c - a flux talisman
Scrolls
 e - a scroll of butterflies {unknown}
 h - a scroll of immolation {unknown}
Potions
 a - a potion of lignification
 d - a potion of curing {unknown}
 f - 2 potions of degeneration {unknown}


   Skills:
 - Level 1.0 Fighting
 - Level 2.6 Dodging
 + Level 3.8 Unarmed Combat
 - Level 2.6 Shapeshifting


You had one spell level left.
You didn't know any spells.
Your spell library contained the following spells:

 Spells                   Type           Power      Damage    Failure   Level
 Vhi's Electric Charge    Tloc/Air       0%         N/A       97%         4
 Arcjolt                  Conj/Air       0%         1d10      100%        5
 Maxwell's Capacitive Co  Air            0%         ∞         100%        8


Dungeon Overview and Level Annotations

Branches:
Dungeon (1/15)

Altars:


Innate Abilities, Weirdness & Mutations

You are a hulking beast.
Your limbs bulge with bestial killing power. (Slay +1)
You have sharp claws.
You have razor-sharp teeth.
You have supernaturally acute eyesight. (SInv)
You are covered in fur. (AC +1)
Your paws help you pounce on unaware monsters.
You are incapable of wielding weapons or throwing items.
You cannot wear armour.
You gain extra lives every three experience levels.


Message History

A hobgoblin comes into view.
A hobgoblin is nearby!
The hobgoblin shouts!
A ball python comes into view.
Found 3 gold pieces.
The ball python hisses angrily.
The hobgoblin misses you.
You scratch the hobgoblin. You bite the hobgoblin.
You kill the hobgoblin!
The ball python misses you. The ball python closely misses you.
You scratch the ball python.
You kill the ball python!
No target in view!
A ball python comes into view.
A ball python is nearby!
The ball python hisses angrily.
The ball python barely misses you. The ball python closely misses you.
You closely miss the ball python. The ball python closely misses you.
The ball python completely misses you.
You scratch the ball python.
The ball python is heavily wounded.
The ball python completely misses you. The ball python misses you.
You scratch the ball python.
You kill the ball python!
You now have 50 gold pieces (gained 3).
Found a short sword.
You now have 62 gold pieces (gained 12).
You pick up Maxwell's Memoranda and begin reading...
You add the spells Vhi's Electric Charge, Arcjolt and Maxwell's Capacitive Coupling to your library.
h - a scroll labelled MOSTIVOPTU You now have 68 gold pieces (gained 6).
A hobgoblin is nearby!
You are a level 2 Felid Shapeshifter.
You are 31% of the way to level 3.
You'll get an extra life in 1.69 levels' worth of XP.
Play time: 00:01:02 (273 turns).
Zot will find you in 11728 turns if you stay in this branch and explore no new floors.
You are a level 2 Felid Shapeshifter.
You are 31% of the way to level 3.
You'll get an extra life in 1.69 levels' worth of XP.
Play time: 00:01:12 (274 turns).
Zot will find you in 11727 turns if you stay in this branch and explore no new floors.
Are you sure you want to abandon this character and quit the game? (Confirm with "yes".)

...####.## ###### .. ..# #. ....
....# ........# .# #.# #.
..###..# .........##.# #.###.
..##..# .........#.. #.##..
..##.## ...........######.....
......## .g...................
.......# .##...................
.......## .##.........#..†####..
.#......###.##.......#.#..)####.#
..........#.........##..........#
..#.............h...####...####.#
................#.### #.........
................#..# ########..
........#.......##..# ##.
.......##.......###.# #.
.................# .. . #.
...#..####...................# ##
#....## ##...................####
..#### #........##..............
#.#######........##..........##..
#.#.........###...#....^.....##..


You could see a hobgoblin (wandering).

Vanquished Creatures
  A dart slug (D:1)
  A bat (D:1)
  3 endoplasms (D:1)
  A hobgoblin (D:1)
  A kobold (D:1)
  2 ball pythons (D:1)
  2 rats (D:1)
11 creatures vanquished.

Notes
Turn   | Place    | Note
-------+----------+-------------------------------------------
     0 | D:1      | AlterAsc the Felid Shapeshifter began the quest for the
                  | Orb.
     0 | D:1      | Reached XP level 1. HP: 10/10 MP: 2/2
    65 | D:1      | Slain by a hobgoblin
    65 | D:1      | Lost a life (0 lives remaining)
   121 | D:1      | Reached XP level 2. HP: 14/14 MP: 3/3
   274 | D:1      | Quit the game

Illustrated notes

Levels and vault maps discovered:
D:1:      lightli_arrival_statue_moat, layout_rooms

Action                     || total
---------------------------++-------
  Melee: Unarmed           ||    23
         Bite              ||     4
         Punch             ||     1
 Armour: Skin              ||     3
  Dodge: Dodged            ||    23
